 Dungeon Crawl Stone Soup version 0.28.0-45-g0d030f2227 (webtiles) character file.

Game seed: 2260793670801994975

44 DuloT34 the Changer (level 3, -1/31 HPs)
             Began as a Naga Transmuter on Apr 21, 2022.
             Slain by a worm (9 damage)
             ... on level 2 of the Dungeon.
             The game lasted 00:04:55 (1512 turns).

DuloT34 the Changer (Naga Transmuter)               Turns: 1512, Time: 00:04:55

Health: -1/31      AC:  2    Str: 12    XL:     3   Next: 60%
Magic:  5/6        EV:  9    Int: 15    God:
Gold:   7          SH:  0    Dex: 11    Spells: 3/6 levels left

rFire   . . .      SeeInvis +     - Unarmed
rCold   . . .      Faith    .   (no shield)
rNeg    . . .      Spirit   .   a - +0 robe
rPois   +          Reflect  .   (no helmet)
rElec   .          Harm     .   (no cloak)
rCorr   .          Rampage  .   (no gloves)
Will    .....                   (no barding)
Stlth   +.........              (no amulet)
HPRegen 0.10/turn               (no ring)
MPRegen 0.10/turn               (no ring)

@: very slow
A: AC +1, large, see invisible, deformed body, poison resistance, slowness 2,
spit poison 1, naga tail 1
a: Spit Poison


You were on level 2 of the Dungeon.
You visited 1 branch of the dungeon, and saw 2 of its levels.

You collected 7 gold pieces.

Inventory:

Armour
 a - a +0 robe (worn)
Jewellery
 d - a ring of willpower
Scrolls
 c - a scroll of enchant weapon {unknown}
Potions
 b - a potion of ambrosia {unknown}


   Skills:
 - Level 1.0 Fighting
 - Level 1.5 Dodging
 - Level 3.0 Unarmed Combat
 - Level 2.0 Spellcasting
 + Level 3.9 Transmutations


You had 3 spell levels left.
You knew the following spells:

 Your Spells              Type           Power      Damage    Failure   Level
a - Beastly Appendage     Tmut           26%        N/A       4%          1
b - Wereblood             Tmut           13%        N/A       7%          2

Your spell library contained the following spells:

 Spells                   Type           Power      Damage    Failure   Level
 Spider Form              Tmut/Pois      7%         N/A       30%         3
 Ice Form                 Ice/Tmut       7%         N/A       69%         4


Dungeon Overview and Level Annotations

Branches:
Dungeon (2/15)

Altars:

Shops:
D:2 !


Innate Abilities, Weirdness & Mutations

Your serpentine skin is tough. (AC +1)
You have supernaturally acute eyesight. (SInv)
Armour fits poorly on your strangely shaped body.
Your system is resistant to poisons. (rPois)
You cover ground very slowly.
You can spit poison.
You have a snake-like lower body.


Message History

Confirm with . or Enter, or press ? or * to list all spells.
You don't know that spell.
Casting: Beastly Appendage (safe; 4% risk of failure)
Confirm with . or Enter, or press ? or * to list all spells.
You miscast Wereblood.
You are very lightly contaminated with residual magic.
Nothing appears to happen.
Aiming: Spit Poison (2% risk of failure)
Press: ? - help, Shift-Dir - straight line, f - worm
Aim: a worm (86% to hit)
The splash of poison misses the worm.
The worm bites you.
Okay, then.
You have got your breath back.
Your magical contamination has completely faded away.
You barely miss the worm. The worm completely misses you.
Your transformation is almost over.
You hit the worm.
The worm is moderately wounded.
The worm barely misses you. The worm closely misses you.
You hit the worm. You headbutt the worm.
The worm is heavily wounded.
The worm closely misses you.
Your horns disappear.
You barely miss the worm.
The worm is moderately wounded.
You hit the worm.
The worm is heavily wounded.
The worm bites you.
* * * LOW HITPOINT WARNING * * *
You hit the worm.
The worm is heavily wounded.
The worm closely misses you.
You hit the worm.
The worm is severely wounded.
You hit the worm but do no damage.
The worm is severely wounded.
The worm bites you!
You die...

####.# #.# ##....# #.##
.##########..##.####..#
......................#
...####†#######'#####.#
#.....###.....###.#
##.....###.....##.#
##.w...###.....#.#
##@....###...†#.##
##.....###...'..##
##+### ##..#....
##.#.#.# ###.#.# #.#.#
#.#.# #.#.# #.#.#


You could see a worm.

Vanquished Creatures
  An adder (D:2)
  3 ball pythons (D:1)
  A bat (D:1)
  3 endoplasms
  3 giant cockroaches
  5 goblins (D:1)
  6 hobgoblins
  4 jackals (D:2)
  2 rats
28 creatures vanquished.

Notes
Turn   | Place    | Note
-------+----------+-------------------------------------------
     0 | D:1      | DuloT34 the Naga Transmuter began the quest for the Orb.
     0 | D:1      | Reached XP level 1. HP: 18/18 MP: 3/3
   237 | D:1      | Reached XP level 2. HP: 17/25 MP: 3/5
   473 | D:1      | Learned a level 2 spell: Wereblood
  1130 | D:1      | Reached XP level 3. HP: 31/31 MP: 2/6
  1298 | D:2      | Found Reugg's Distillery.
  1512 | D:2      | Slain by a worm

Illustrated notes

Levels and vault maps discovered:
D:1:      shiori_shiawase, layout_rooms
D:2:      minmay_inner_zag, layout_basic, serial_shops, shop,
          chequers_serial_rivers_small_3, minmay_quadrilaterals

Skill      XL: |  1  2 |
---------------+-------+-----
Transmutations | 3 |  3.9
Fighting       | |  1.0
Dodging        | |  1.5
Unarmed Combat | |  3.0
Spellcasting   | |  2.0

Action                   || total
-------------------------++-------
Melee: Unarmed           ||   104
       Headbutt          ||    13
       Punch             ||     1
 Cast: Beastly Appendage ||    19
       Wereblood         ||     9
 Abil: Spit Poison       ||     1
  Use: Scroll            ||     1
Armor: Robe              ||    13
Dodge: Dodged            ||    47
